 Dungeon Crawl Stone Soup version 0.28-a0-29-g0adfcbbeba (webtiles) character file.

Game seed: 5702137173283901195

18 Jawa73 the Insei (level 2, 0/16 HPs)
             Began as a Kobold Transmuter on July 27, 2021.
             Slain by a kobold (4 damage)
             ... on level 1 of the Dungeon.
             The game lasted 00:03:11 (621 turns).

Jawa73 the Insei (Kobold Transmuter)                 Turns: 621, Time: 00:03:12

Health: 0/16       AC:  2    Str:  7    XL:     2   Next: 85%
Magic:  4/5        EV: 15    Int: 14    God:
Gold:   33         SH:  0    Dex: 15    Spells: 5/6 levels left

rFire   . . .      SeeInvis .     - Unarmed
rCold   . . .      Faith    .   (shield restricted)
rNeg    . . .      Spirit   .   a - +0 robe
rPois   .          Reflect  .   (helmet currently unavailable)
rElec   .          Harm     .   (no cloak)
rCorr   .          Rampage  .   (no gloves)
Will    .....                   (boots currently unavailable)
Stlth   ++........              (no amulet)
HPRegen 0.05/turn               (no ring)
MPRegen 0.09/turn               (no ring)

@: appendages (expiring)
A: horns 2, talons 2, small, no large weapons, nightstalker 3
a: End Transformation


You were on level 1 of the Dungeon.
You had temporarily grown beastly horns and talons.
You visited 1 branch of the dungeon, and saw 1 of its levels.

You collected 33 gold pieces.

Inventory:

Armour
 a - a +0 robe (worn)
Scrolls
 b - a scroll of identify {unknown}


   Skills:
 + Level 1.1 Fighting
 * Level 2.6 Dodging
 + Level 3.3 Unarmed Combat
 * Level 2.5 Spellcasting
 * Level 2.2 Transmutations


You had 5 spell levels left.
You knew the following spells:

 Your Spells              Type           Power      Damage    Failure   Level
a - Beastly Appendage     Tmut           16%        N/A       9%          1

Your spell library contained the following spells:

 Spells                   Type           Power      Damage    Failure   Level
 Wereblood                Tmut           8%         N/A       14%         2
 Spider Form              Tmut/Pois      2%         N/A       38%         3
 Ice Form                 Ice/Tmut       4%         N/A       80%         4


Dungeon Overview and Level Annotations

Branches:
Dungeon (1/15)

Altars:


Innate Abilities, Weirdness & Mutations

You have temporarily grown beastly horns and talons.
You are small and have problems with some larger weapons.
You are completely attuned to the shadows.


Message History

You closely miss the kobold.
You headbutt the kobold, but do no damage.
The kobold misses you.
An endoplasm comes into view.
The kobold misses you.
The endoplasm quivers.
You hit the kobold but do no damage. Your kick misses the kobold.
Your horns disappear.
Your talons disappear.
The kobold misses you. x2
You barely miss the kobold. The kobold misses you.
The kobold hits you with a +0 club.
You completely miss the kobold. The kobold misses you.
You hit the kobold.
The kobold is severely wounded.
The kobold closely misses you. The kobold hits you but does no damage.
Casting: Beastly Appendage (safe; 9% risk of failure)
Press: ? - help, Q - select action Dir - look around, f - activate You grow a pair of large bovine horns.
Your feet morph into talons.
The kobold hits you but does no damage.
The kobold hits you with a +0 short sword.
Unknown command.
You hit the kobold.
The kobold is moderately wounded.
The kobold barely misses you. x2
You hit the kobold but do no damage.
The kobold is moderately wounded.
The kobold completely misses you. The kobold misses you.
You hit the kobold.
You kill the kobold!
Your transformation is almost over.
The kobold hits you with a +0 club.
You hit the endoplasm.
You kill the endoplasm!
The kobold hits you with a +0 club.
* * * LOW HITPOINT WARNING * * *
You hit the kobold but do no damage.
You headbutt the kobold, but do no damage.
The kobold is severely wounded.
The kobold hits you with a +0 club.
You die...

#. .. ..#
#.#
...###.#.
#)@.#..
##)K... .#
#.##..
..##.###.
# #.......
#.##..####
......#
#.##.## ..
#.#.>###.#


You could see a kobold.

Vanquished Creatures
  A dart slug (D:1)
  4 endoplasms (D:1)
  2 goblins (D:1)
  2 kobolds (D:1)
  3 ball pythons (D:1)
  A bat (D:1)
  A frilled lizard (D:1)
14 creatures vanquished.

Notes
Turn   | Place    | Note
-------+----------+-------------------------------------------
     0 | D:1      | Jawa73 the Kobold Transmuter began the quest for the Orb.
     0 | D:1      | Reached XP level 1. HP: 12/12 MP: 3/3
   271 | D:1      | Reached XP level 2. HP: 16/16 MP: 5/5
   621 | D:1      | Slain by a kobold

Illustrated notes

Levels and vault maps discovered:
D:1:      onia_arrival_mini_spirals, layout_loops_ring

Action                   || total
-------------------------++-------
Melee: Unarmed           ||    37
       Kick              ||     5
       Headbutt          ||     6
 Cast: Beastly Appendage ||    11
 Stab: Sleeping          ||     3
Armor: Robe              ||     6
Dodge: Dodged            ||    38

Table legend: (Time is in decaauts)
 A = Elapsed time spent in this place.
 B = Non-inter-level travel time spent in this place.
 C = Inter-level travel time spent in this place.
 D = Time resting spent in this place.
 E = Time spent auto-exploring this place.
 F = Levels seen in this place.
 G = Mean time per level.
                   A        B        C        D        E       F      G
               +--------+--------+--------+--------+--------+-----+--------+
         Total |    618 |    618 |      0 |      0 |    481 |   1 |  618.0 |
       Dungeon |    618 |    618 |      0 |      0 |    481 |   1 |  618.0 |
               +--------+--------+--------+--------+--------+-----+--------+

Top non-repeatable levels by time:
     D:1: 618 daAuts
